 Dungeon Crawl Stone Soup version 0.18-a0-1027-g814d7dd (webtiles) character file.

241 tof the Shield-Bearer (level 6, -1/49 HPs)
             Began as a Formicid Fighter on Jan 8, 2016.
             Succumbed to poison (a potion of poison)
             ... on level 3 of the Dungeon.
             The game lasted 00:04:24 (1664 turns).

tof the Shield-Bearer (Formicid Fighter)            Turns: 1664, Time: 00:04:24

Health: -1/49      AC:  7    Str: 21    XL:     6   Next: 30%
Magic:  6/6        EV:  8    Int:  7    God:
Gold:   75         SH: 10    Dex: 12    Spells: 0 memorised, 5 levels left

rFire  . . .     SeeInvis +     a - +0 war axe (freeze)
rCold  . . .     Gourm    .     j - +0 scale mail
rNeg   . . .     Faith    .     c - +0 shield
rPois  .         Spirit   .     (helmet unavailable)
rElec  .         Dismiss  .     (no cloak)
rCorr  .         Reflect  .     (no gloves)
SustAt .         Harm     .     (no boots)
MR     .....                    (no amulet)
Stlth  ..........               (no ring)
                                (no ring)

@: lethally poisoned (-1 -> -27), very slightly contaminated, invisible, not
resistant to hostile enchantments, extremely unstealthy
A: permanent stasis, dig shafts and tunnels, four strong arms, antennae 3
a: Dig, Shaft Self


You were on level 3 of the Dungeon.
You were not hungry.

You visited 1 branch of the dungeon, and saw 3 of its levels.

You collected 75 gold pieces.

Inventory:

Hand Weapons
 a - a +0 war axe of freezing (weapon)
 b - a +4 hunting sling
 p - a +0 war axe
 q - a +0 antimagic hand axe
Armour
 c - a +0 shield (worn)
 j - a +0 scale mail (worn)
Scrolls
 g - a scroll of fear {unknown}
 h - a scroll of remove curse {unknown}
 i - a scroll of amnesia {unknown}
 m - a scroll of blinking {unknown}
 o - 2 scrolls of identify {unknown}
Potions
 d - a potion of might
Comestibles
 f - a bread ration
 l - 2 chunks of flesh
 r - 4 fruits


   Skills:
 + Level 4.6 Fighting
 + Level 3.5 Axes
 + Level 4.3 Armour
 + Level 5.0 Shields


You had 5 spell levels left.
You didn't know any spells.

Dungeon Overview and Level Annotations

Branches:
Dungeon (3/15)

Altars:
Ashenzari
Fedhas


Innate Abilities, Weirdness & Mutations

You are under a permanent stasis effect.
You can dig through walls and to a lower floor.
Your four strong arms can wield two-handed weapons with a shield.
You have a pair of large antennae on your head (SInv).


Message History

You are very lightly contaminated with residual magic.
* * * LOW HITPOINT WARNING * * *
You feel sick. You block the adder's attack.
* * * LOW HITPOINT WARNING * * *
You feel sick.
* * * LOW HITPOINT WARNING * * *
You feel sick.
* * * LOW HITPOINT WARNING * * *
You feel sick. The adder closely misses you.
* * * LOW HITPOINT WARNING * * *
You feel sick.
* * * LOW HITPOINT WARNING * * *
You feel sick.
* * * LOW HITPOINT WARNING * * *
You feel sick. The adder bites you but does no damage.
There is an escape hatch in the ceiling here.
Drink which item? (? for menu, Esc to quit)
It was a potion of poison.
That liquid tasted very nasty...
You are more poisoned.
You die...

###..<.....
#..........
#..........
######........
.............{{
...........#
.........<.#
#........######
#..........SS@#
##+#+#+#......#
......#......#
######......######
....##...##.####
....#..(.......#
....##.#(((†)..#
.......#.......#
...#.###.......#


You could see 2 adders.

Vanquished Creatures
  Sigmund (D:2)
  3 adders (D:2)
  An ooze (D:1)
  A worm (D:2)
  2 giant geckos (D:1)
  3 giant cockroaches (D:1)
  8 goblins
  4 hobgoblins
  5 jackals (D:2)
  7 kobolds
  A quokka (D:2)
  5 bats
  2 giant newts
  4 rats
47 creatures vanquished.

Notes
Turn   | Place    | Note
--------------------------------------------------------------
     0 | D:1      | tof the Formicid Fighter began the quest for the Orb.
     0 | D:1      | Reached XP level 1. HP: 18/18 MP: 1/1
    29 | D:1      | Found a shattered altar of Ashenzari.
    31 | D:1      | Reached XP level 2. HP: 21/24 MP: 2/2
   464 | D:1      | Reached skill level 4 in Shields
   464 | D:1      | Reached XP level 3. HP: 27/29 MP: 3/3
   836 | D:2      | Reached XP level 4. HP: 33/37 MP: 4/4
  1013 | D:2      | Noticed Sigmund
  1303 | D:2      | Killed Sigmund
  1303 | D:2      | Reached skill level 5 in Shields
  1303 | D:2      | Reached XP level 5. HP: 28/43 MP: 5/5
  1303 | D:2      | Reached XP level 6. HP: 31/49 MP: 6/6
  1592 | D:3      | Found a blossoming altar of Fedhas.
  1662 | D:3      | HP: 2/49 [poisoned by an adder]
  1664 | D:3      | Succumbed to poison (a potion of poison)

Vault maps used:
D:1:      matt_arrival_grand_opening, minmay_misc_feat_roman, ashenzari_altar_1
D:2:      uniq_sigmund
D:3:      fedhas_altar_2

Action                   |  1- 3 |  4- 6 || total
-------------------------+-------+-------++-------
Melee: War axe           |    92 |    56 ||   148
       Hand axe          |       |     9 ||     9
  Use: Potion            |       |     3 ||     3
  Eat: Chunk             |       |     3 ||     3
